AoeStats
← Master Suknip

MegaRandom

510240141Analyzed
4v4 RM · 2d ago on Sep 30, 2026· 73m 29s· 8 players
Game mode
Random Map
Map size
Large (8 player)
Population
200
Speed
Normal
Resources
Standard
Victory
Conquest
Starting age
Dark Age
Ending age
Imperial Age
RankedLock teamsTeams togetherTeam positionsShared explorationLock speedFull tech treeHidden civsTurbo modeCheats
Victory
Defeat
🇺🇸 Persians · United States
676
+8
🇺🇸 Berbers · United States
664
+9
🇺🇸 Bengalis · United States
643
+9
🇺🇸 Georgians · United States
625
+10
🇺🇸 Khmer · United States
545
-10
🇺🇸 Burgundians · United States
542
-11
🇺🇸 Britons · United States
492
-9
🇧🇴 Inca · Bolivia
372
-6
TDizz TTV
0:34 Loom
11:35 Feudal Age
12:06 Double-Bit Axe
13:52 Wheelbarrow
18:40 Horse Collar
20:39 Scale Mail Armor
22:10 Forging
28:28 Castle Age
27:22 Fletching
28:50 Pikeman
30:11 Iron Casting
29:55 Chain Mail Armor
31:28 Heavy Plow
31:42 Bow Saw
31:27 Stone Mining
35:13 Hand Cart
34:55 Arson
35:55 Scale Barding Armor
35:52 Padded Archer Armor
39:08 Fervor
41:34 Imperial Age
40:35 Ballistics
42:10 Chain Barding Armor
41:47 Bodkin Arrow
42:28 Iron Casting
42:09 Leather Archer Armor
43:34 Conscription
43:20 Double Crossbow
44:06 Crop Rotation
45:05 Chemistry
45:35 Bloodlines
49:02 Halberdier
52:52 Blast Furnace
56:22 Elite Ballista Elephant
LATEAFNICE
1:06 Loom
12:21 Feudal Age
14:18 Town Watch
15:09 Wheelbarrow
15:07 Double-Bit Axe
15:33 Horse Collar
17:26 Gold Mining
28:23 Castle Age
27:35 Scale Mail Armor
28:18 Forging
28:46 Padded Archer Armor
28:37 Fletching
31:21 Hand Cart
31:06 Town Patrol
31:59 Murder Holes
35:29 Masonry
39:24 Bow Saw
43:49 Imperial Age
41:46 Ballistics
42:01 Squires
43:57 Gold Shaft Mining
43:13 Stone Mining
44:52 Conscription
43:56 Pikeman
44:23 Gambesons
46:24 Elite Longbowman
48:44 Chemistry
47:55 Halberdier
50:49 Warwolf
54:27 Yeomen
59:43 Architecture
60:33 Chain Mail Armor
60:53 Iron Casting
60:34 Leather Archer Armor
60:15 Bodkin Arrow
66:24 Ring Archer Armor
65:55 Bracer
66:26 Plate Mail Armor
66:56 Blast Furnace
plouga
1:04 Loom
10:41 Double-Bit Axe
10:41 Horse Collar
13:07 Wheelbarrow
15:27 Gold Mining
15:28 Stone Mining
18:17 Feudal Age
20:40 Bow Saw
23:27 Castle Age
24:05 Heavy Plow
25:10 Gold Shaft Mining
26:05 Stone Shaft Mining
27:32 Two-Man Saw
26:33 Cavalier
27:15 Husbandry
28:03 Forging
28:00 Scale Barding Armor
31:48 Iron Casting
41:10 Imperial Age
39:55 Caravan
40:06 Guilds
43:01 Chain Barding Armor
44:04 Chain Barding Armor
46:25 Imperial Age
45:30 Burgundian Vineyards
47:55 Plate Barding Armor
48:22 Blast Furnace
46:48 Elite Coustillier
47:50 Conscription
47:13 Paladin
wfcwilly
4:03 Loom
10:29 Feudal Age
12:33 Wheelbarrow
11:51 Horse Collar
11:58 Double-Bit Axe
16:12 Gold Mining
17:07 Stone Mining
24:08 Castle Age
24:58 Heavy Plow
25:10 Bow Saw
25:52 Gold Shaft Mining
25:59 Champi Runner
30:01 Hand Cart
34:40 Padded Archer Armor
37:43 Thumb Ring
37:59 Leather Archer Armor
37:45 Scale Mail Armor
38:49 Fletching
38:26 Crossbowman
39:06 Champi Warrior
40:48 Chain Mail Armor
41:31 Guard Tower
Master Suknip
8:10 Loom
13:30 Feudal Age
15:26 Wheelbarrow
15:48 Double-Bit Axe
15:53 Horse Collar
18:34 Forging
18:30 Scale Barding Armor
20:32 Stone Mining
25:28 Gold Mining
30:06 Castle Age
30:41 Castle Age
29:09 Bloodlines
32:32 Hand Cart
41:25 Kasbah
42:31 Gold Shaft Mining
42:32 Stone Shaft Mining
46:05 Imperial Age
46:16 Imperial Age
51:11 Guilds
51:33 Bow Saw
51:26 Heavy Plow
51:24 Fletching
51:34 Padded Archer Armor
52:11 Iron Casting
51:56 Chain Barding Armor
54:15 Conscription
53:16 Elite Camel Archer
54:00 Maghrebi Camels
54:41 Hoardings
56:51 Light Cavalry
57:31 Husbandry
58:46 Crop Rotation
58:58 Ballistics
59:39 Chemistry
59:00 Bodkin Arrow
59:46 Murder Holes
60:03 Masonry
59:41 Treadmill Crane
67:10 Hussar
70:55 Bracer
|RAZER|Spider
4:23 Loom
15:52 Feudal Age
19:34 Wheelbarrow
18:44 Town Watch
27:47 Castle Age
29:22 Man-at-Arms
29:22 Pikeman
29:48 Gambesons
30:03 Squires
29:48 Arson
30:07 Long Swordsman
39:35 Imperial Age
37:10 Town Patrol
37:25 Hand Cart
37:11 Herbal Medicine
39:37 Two-Handed Swordsman
42:45 Double-Bit Axe
42:50 Gold Mining
42:51 Stone Mining
43:10 Fletching
43:30 Forging
43:21 Scale Mail Armor
43:21 Padded Archer Armor
44:12 Halberdier
48:07 Svan Towers
48:07 Aznauri Cavalry
51:40 Bow Saw
52:06 Stone Shaft Mining
52:26 Capped Ram
58:34 Elite Monaspa
61:05 Sanctity
60:56 Fervor
61:25 Theocracy
PicPlaysGMEs
0:39 Loom
14:57 Feudal Age
16:20 Double-Bit Axe
16:18 Horse Collar
17:15 Wheelbarrow
22:01 Castle Age
22:41 Fletching
23:02 Forging
22:54 Scale Mail Armor
23:44 Bloodlines
23:49 Husbandry
24:08 Padded Archer Armor
23:58 Gambesons
27:45 Ballistics
27:21 Murder Holes
27:24 Bodkin Arrow
28:05 Iron Casting
28:51 Man-at-Arms
29:18 Arson
31:14 Chain Mail Armor
31:15 Leather Archer Armor
31:45 Crossbowman
37:35 Imperial Age
36:41 Gold Mining
36:21 Long Swordsman
37:01 Squires
39:16 Conscription
40:35 Bracer
40:10 Two-Handed Swordsman
41:24 Champion
54:57 Blast Furnace
53:21 Pikeman
55:11 Arbalester
57:29 Chemistry
56:15 Arrowslits
56:34 Halberdier
Wogsy2010
0:47 Loom
12:38 Feudal Age
13:05 Double-Bit Axe
13:13 Horse Collar
13:44 Gold Mining
18:05 Wheelbarrow
19:37 Fletching
26:00 Castle Age
24:25 Forging
26:51 Scale Barding Armor
29:24 Chain Barding Armor
29:41 Iron Casting
29:12 Heavy Plow
34:12 Gold Shaft Mining
33:28 Stone Mining
37:47 Imperial Age
36:26 Stone Shaft Mining
36:14 Bow Saw
37:48 Cavalier
38:29 Husbandry
38:40 Bloodlines
38:53 Conscription
39:21 Savar
43:11 Plate Barding Armor
43:37 Blast Furnace
43:31 Kamandaran
44:54 Crossbowman
47:49 Thumb Ring
52:28 Caravan
55:02 Elite Skirmisher
60:11 Bodkin Arrow
Connection lost

Rejoining the realm…

Still unreachable

The connection could not be restored.

Session expired

The server has moved on; the page needs a fresh start.